 Dungeon Crawl Stone Soup version 0.22.1-6-g1668fe2c40 (webtiles) character file.

258 Revguard the Slasher (level 5, 0/40 HPs)
             Began as a Demonspawn Gladiator on Jan 19, 2019.
             Was an Initiate of Nemelex Xobeh.
             Slain by an adder (4 damage)
             ... on level 4 of the Dungeon.
             The game lasted 00:10:54 (3462 turns).

Revguard the Slasher (Demonspawn Gladiator)         Turns: 3462, Time: 00:10:55

Health: 0/40       AC:  5    Str: 15    XL:     5   Next: 94%
Magic:  5/5        EV: 13    Int: 10    God:    Nemelex Xobeh [......]
Gold:   183        SH:  0    Dex: 16    Spells: 4/4 levels left

rFire    . . .     SeeInvis .   a - +0 long sword
rCold    + . .     Gourm    .   (no shield)
rNeg     . . .     Faith    .   b - +0 leather armour
rPois    .         Spirit   .   c - +0 helmet
rElec    .         Reflect  .   p - +0 cloak
rCorr    .         Harm     .   (no gloves)
MR       +....     Rnd*Tele +   (no boots)
Stlth    ++........             (no amulet)
HPRegen  0.13/turn              j - ring of teleportation (curse)
MPRegen  0.09/turn              k - ring of protection from magic

@: lethally poisoned (0 -> -1)
A: claws 1, thin skeletal structure 1, cold resistance 1
a: Renounce Religion


You were on level 4 of the Dungeon.
You worshipped Nemelex Xobeh.
Nemelex Xobeh was noncommittal.
You were hungry.

You visited 1 branch of the dungeon, and saw 4 of its levels.

You collected 183 gold pieces.

Inventory:

Hand Weapons
 a - a +0 long sword (weapon)
Missiles
 d - 3 throwing nets (quivered)
Armour
 b - a +0 leather armour (worn)
 c - a +0 helmet (worn)
 p - a +0 cloak (worn)
Jewellery
 e - an uncursed ring of fire
 i - a +6 ring of intelligence
 j - a cursed ring of teleportation (left claw)
 k - a ring of protection from magic (right claw)
 l - an uncursed ring of stealth
Wands
 g - a wand of iceblast (6)
Scrolls
 m - a scroll of identify
 n - a scroll of teleportation
 r - a scroll of remove curse
Potions
 h - 2 potions of curing
 o - a potion of agility
Miscellaneous
 q - a plain deck of escape {drawn: 1}
 s - an ornate deck of destruction
Comestibles
 f - 5 rations


   Skills:
 + Level 2.8 Fighting
 + Level 4.4 Long Blades
 - Level 1.7 Throwing
 * Level 2.4 Armour
 + Level 3.3 Dodging
 * Level 1.0 Invocations


You had 4 spell levels left.
You didn't know any spells.
Your spell library was empty.

Dungeon Overview and Level Annotations

Branches:
Dungeon (4/15)
 Temple: D:4-7

Altars:
Nemelex Xobeh
Ru
Sif Muna
Trog

Shops:
D:4 (


Innate Abilities, Weirdness & Mutations

You have sharp fingernails.
You have a somewhat thin skeletal structure. (Dex +2, Stealth)
Your flesh is cold resistant. (rC+)


Message History

You miss the adder. The adder bites you.
* * * LOW HITPOINT WARNING * * *
You are poisoned.
The adder poisons you! The adder misses you.
You riposte.
You slash the adder!
The adder is severely wounded.
You miss the adder.
The adder is severely wounded.
You feel sick. The adder completely misses you.
You miss the adder.
The adder is severely wounded.
The adder closely misses you. The adder bites you.
* * * LOW HITPOINT WARNING * * *
You hit the adder.
The adder is almost dead.
You feel sick. The adder misses you.
You closely miss the adder.
The adder is almost dead.
The adder closely misses you. The adder bites you.
You die...
Your body disappears without a glow.

....#
##.....##
.....#
##.......#
......###...#
...........##
######.....#
##...## #...#
#######.#.#
.......@S.#
......#.#.#
..##.......#
##......#
#........#
#...>.......
.....#####....
....## ####
...#


You could see an adder.

Vanquished Creatures
  Ijyb (D:3)
  Natasha (thrice) (D:2 D:3)
  A worker ant (D:3)
  3 adders
  An ooze (D:3)
  2 worms
  A dart slug (D:3)
  2 leopard geckos
  3 orcs
  2 ball pythons
  4 bats
  5 giant cockroaches
  10 goblins
  5 hobgoblins
  9 jackals
  2 quokkas
  3 frilled lizards
  2 jackal skeletons (D:4)
  7 kobolds
  9 rats
75 creatures vanquished.

Vanquished Creatures (others)
  An orc wizard (D:4)
1 creature vanquished.

Grand Total: 76 creatures vanquished

Notes
Turn   | Place    | Note
-------+----------+-------------------------------------------
     0 | D:1      | Revguard the Demonspawn Gladiator began the quest for the
                  | Orb.
     0 | D:1      | Reached XP level 1. HP: 16/16 MP: 1/1
   356 | D:1      | Gained mutation: You have sharp fingernails. [demonic
                  | ancestry]
   356 | D:1      | Reached XP level 2. HP: 19/22 MP: 2/2
   441 | D:1      | Reached skill level 3 in Long Blades
  1011 | D:2      | Reached skill level 1 in Armour
  1011 | D:2      | Gained mutation: Your flesh is cold resistant. (rC+)
                  | [demonic ancestry]
  1011 | D:2      | Reached XP level 3. HP: 15/27 MP: 3/3
  1282 | D:2      | Found a bloodstained altar of Trog.
  1340 | D:2      | Found a deep blue altar of Sif Muna.
  1442 | D:2      | Noticed Natasha
  1453 | D:2      | Killed Natasha
  1453 | D:2      | Reached XP level 4. HP: 8/34 MP: 4/4
  1822 | D:3      | Noticed Ijyb
  1845 | D:3      | Killed Ijyb
  2426 | D:3      | Found a sparkling altar of Nemelex Xobeh.
  2454 | D:3      | Became a worshipper of Nemelex Xobeh the Trickster
  2481 | D:3      | Noticed Natasha
  2494 | D:3      | Killed Natasha
  2494 | D:3      | Reached skill level 4 in Long Blades
  2494 | D:3      | Gained mutation: You have a somewhat thin skeletal
                  | structure. (Dex +2, Stealth) [demonic ancestry]
  2494 | D:3      | Reached XP level 5. HP: 3/39 MP: 5/5
  2769 | D:3      | Received a gift from Nemelex Xobeh
  2824 | D:3      | Noticed Natasha
  2834 | D:3      | Killed Natasha
  3296 | D:3      | Found a sacrificial altar of Ru.
  3377 | D:4      | Reached skill level 1 in Invocations
  3435 | D:4      | Received a gift from Nemelex Xobeh
  3435 | D:4      | Found Heniopyludd's Antique Weapon Shoppe.
  3462 | D:4      | Slain by an adder

Skill      XL: |  1  2  3  4  5 |
---------------+----------------+-----
Long Blades    | 3 4 |  4.4
Dodging        | 3 |  3.3
Armour         | 1 2 |  2.4
Invocations    | 1 |  1.0
Fighting       | |  2.8
Throwing       | |  1.7

Action                   |  1- 3 |  4- 6 || total
-------------------------+-------+-------++-------
Melee: Long sword        |    92 |   155 ||   247
Evoke: Deck              |       |     1 ||     1
  Use: Potion            |     2 |     1 ||     3
       Scroll            |     1 |     3 ||     4
 Stab: Sleeping          |     1 |       ||     1
  Eat: Chunk             |     1 |     7 ||     8
Armor: Leather armour    |    25 |    51 ||    76
Dodge: Dodged            |    89 |   141 ||   230
       Rpst.: Long sword |    25 |    41 ||    66
